 Dungeon Crawl Stone Soup version 0.26-a0-663-g36e8fdb655 (webtiles) character file.

Game seed: 2390401235312634218

13064 grandjackal the Commander (level 11, -19/91 HPs)
             Began as a Demonspawn Gladiator on Oct 11, 2020.
             Was a High Priest of Okawaru.
             Killed from afar by a fire dragon (42 damage)
             ... with a blast of flame
             ... on level 11 of the Dungeon.
             The game lasted 00:29:05 (16052 turns).

grandjackal the Commander (Demonspawn Gladiator)   Turns: 16052, Time: 00:29:05

Health: -19/91     AC: 16    Str: 18    XL:     11   Next: 70%
Magic:  0/18       EV: 17    Int:  9    God:    Okawaru [*****.]
Gold:   461        SH: 12    Dex: 15    Spells: 10/10 levels left

rFire    . . .     SeeInvis .   E - +2 long sword (vorpal)
rCold    . . .     Faith    .   n - +0 buckler
rNeg     . . .     Spirit   +   e - +0 ring mail
rPois    .         Reflect  +   c - +1 helmet
rElec    .         Harm     .   J - +1 cloak {rCorr}
rCorr    +         Rampage  .   (no gloves)
MR       .....                  I - +0 pair of boots
Stlth    ++........             s - amulet of reflection
HPRegen  0.25/turn              h - ring of ice
MPRegen  0.32/turn              l - ring of fire

@: heroism, finesse
A: rugged brown scales 2, magic shield, magic regeneration
a: Heroism, Finesse, Renounce Religion


You were on level 11 of the Dungeon.
You worshipped Okawaru.
Okawaru was extremely pleased with you.
You visited 2 branches of the dungeon, and saw 12 of its levels.

You collected 489 gold pieces.
You spent 28 gold pieces at shops.

Inventory:

Hand Weapons
 E - a +2 vorpal long sword (weapon)
 H - a +2 dagger of draining
Missiles
 p - 3 throwing nets (quivered)
 A - 5 curare-tipped darts
Armour
 b - a +0 kite shield
 c - a +1 helmet (worn)
 e - a +0 ring mail (worn)
 n - a +0 buckler (worn)
 B - a +0 scale mail
 I - a +0 pair of boots (worn)
 J - a +1 cloak of preservation (worn)
Jewellery
 h - a ring of ice (left hand)
 l - a ring of fire (right hand)
 s - an amulet of reflection (around neck)
 y - an uncursed amulet of regeneration
Wands
 q - a wand of acid (4)
 r - a wand of random effects (7)
 C - a wand of digging (4)
 K - a wand of disintegration (5)
Scrolls
 a - 2 scrolls of fog
 f - 2 scrolls of immolation
 j - 2 scrolls of identify
 k - 2 scrolls of enchant weapon
 o - 7 scrolls of remove curse
 t - 2 scrolls of magic mapping
 u - 2 scrolls of fear
 v - a scroll of blinking
 F - a scroll of summoning {unknown}
Potions
 d - 4 potions of curing
 g - a potion of ambrosia
 i - 3 potions of flight
 m - a potion of lignification
 w - a potion of brilliance
 x - a potion of cancellation
 z - 2 potions of magic
 D - 2 potions of mutation


   Skills:
 + Level 8.9(13.9) Fighting
 + Level 8.5(13.5) Long Blades
 - Level 1.7(6.7) Throwing
 + Level 6.6(11.6) Armour
 - Level 5.0(10.0) Dodging
 + Level 7.9(12.9) Shields
 - Level 10.1 Invocations


You had 10 spell levels left.
You didn't know any spells.
Your spell library contained the following spells:

 Spells                   Type           Power        Failure   Level
 Beastly Appendage        Tmut           #.....       54%         1
 Sandblast                Erth           #.....       54%         1
 Shock                    Conj/Air       #...         54%         1
 Passwall                 Tmut/Erth      #.......     67%         2
 Swiftness                Air            #.......     67%         2
 Wereblood                Tmut           #.......     67%         2
 Confusing Touch          Hex            #.......     88%         3
 Gell's Gravitas          Tloc           #.........   88%         3
 Spider Form              Tmut/Pois      #.........   88%         3
 Static Discharge         Conj/Air       #.......     88%         3
 Stone Arrow              Conj/Erth      #.....       88%         3
 Airstrike                Air            #.........   99%         4
 Ice Form                 Ice/Tmut       #.......     99%         4
 Petrify                  Tmut/Erth      #.......     99%         4
 Blade Hands              Tmut           #.........   100%        5
 Lee's Rapid Deconstruct  Erth           #.........   100%        5
 Lightning Bolt           Conj/Air       #.........   100%        5
 Metabolic Englaciation   Hex/Ice        #.........   100%        5
 Yara's Violent Unravell  Hex/Tmut       #.........   100%        5


Dungeon Overview and Level Annotations

Branches:
Dungeon (11/15)            Temple (1/1) D:5            Lair (0/6) D:8
    Orc (0/2) D:9

Altars:
Ashenzari
Cheibriados
Dithmenos
Elyvilon
Fedhas
Gozag
Hepliaklqana
Kikubaaqudgha
Makhleb
Nemelex Xobeh
Okawaru
Qazlal
Ru
Sif Muna
Trog
Uskayaw
Vehumet
Wu Jian
Xom
Yredelemnul
Zin
The Shining One
Beogh

Shops:
D:5 *   D:7 *   D:11 (

Annotations:
D:7 3 runed translucent doors, Gamer54's ghost, journeyman DrVM
D:9 3 runed translucent doors


Innate Abilities, Weirdness & Mutations

You are mostly covered in rugged brown scales. (AC +2, +5% HP)
When hurt, damage is shared between your health and your magic reserves.
You regenerate magic rapidly.


Message History

The fire dragon is almost dead.
The fire dragon bites you.
* * * LOW HITPOINT WARNING * * *
The fire dragon closely misses you. You block the fire dragon's attack.
You barely miss the fire dragon.
The fire dragon is almost dead.
You barely miss the fire dragon.
The fire dragon is almost dead.
The fire dragon bites you but does no damage.
The fire dragon claws you but does no damage.
You block the fire dragon's attack.
You hit the fire dragon but do no damage.
The fire dragon is almost dead.
You hit the fire dragon but do no damage.
The fire dragon is almost dead.
You hit the fire dragon.
The fire dragon is almost dead.
The fire dragon breathes flames at you. The blast of flame hits you!!!
You die...

#.# #.# ####.##
###.##### .......
###.......# ....)..
###.........### ?......
#...#.........##.......
#.###.......#..#.......
#^# #.......##.#.......
#.# #..(....##@Dl......
..# #.......####.......
### ######### .......
....... #######


You could see a fire dragon (catching breath) and a wyvern.

Vanquished Creatures
  Fannar (D:11)
  A hydra (D:10)
  2 two-headed ogres
  An orc sorcerer (D:8)
  Maurice (D:9)
  A troll (D:8)
  A hornet (D:11)
  2 dream sheep (D:10)
  A human (D:8)
  Sigmund (D:3)
  4 hogs (D:8)
  A wyvern (D:10)
  14 wargs
  A water moccasin (D:9)
  An eye of draining (D:9)
  3 sky beasts
  15 orc warriors
  A black bear (D:8)
  6 ice beasts
  3 ogres
  A phantom (D:7)
  2 wolves (D:8)
  4 centaurs
  5 big kobolds
  4 bullfrogs
  A wyvern skeleton (D:10)
  5 scorpions
  6 killer bees (D:9)
  A howler monkey (D:8)
  2 electric eels (D:8)
  A bullfrog zombie (D:8)
  A centaur zombie (D:6)
  A jelly (D:6)
  Crazy Yiuf (D:3)
  A bullfrog skeleton (D:8)
  2 quasits
  13 hounds
  7 orc priests
  A centaur skeleton (D:4)
  An iguana (D:6)
  6 orc wizards
  11 worker ants
  A hound skeleton (D:8)
  9 gnolls
  11 adders
  2 shadow imps
  3 white imps (D:6)
  5 ufetubi
  2 adder zombies (D:6)
  2 adder skeletons
  A worm (D:3)
  A dart slug (D:3)
  5 leopard geckos
  62 orcs
  A ball python (D:2)
  4 giant cockroaches
  4 goblins
  6 hobgoblins
  16 jackals
  7 quokkas
  5 bats (D:1)
  5 frilled lizards
  19 kobolds
  A leopard gecko skeleton (D:5)
  A quokka zombie (D:9)
  14 rats
325 creatures vanquished.

Vanquished Creatures (others)
  A fungus (D:7)
  16 plants
17 creatures vanquished.

Grand Total: 342 creatures vanquished

Notes
Turn   | Place    | Note
-------+----------+-------------------------------------------
     0 | D:1      | grandjackal the Demonspawn Gladiator began the quest for
                  | the Orb.
     0 | D:1      | Reached XP level 1. HP: 16/16 MP: 1/1
   249 | D:1      | Gained mutation: When hurt, damage is shared between your
                  | health and your magic reserves. [demonic ancestry]
   249 | D:1      | Reached XP level 2. HP: 21/22 MP: 2/2
   335 | D:1      | Reached XP level 3. HP: 28/28 MP: 3/3
   799 | D:2      | Reached skill level 1 in Shields
  1108 | D:2      | Reached XP level 4. HP: 15/34 MP: 1/4
  1718 | D:2      | Reached XP level 5. HP: 36/41 MP: 5/5
  2185 | D:3      | Noticed Sigmund
  2342 | D:3      | Killed Sigmund
  2342 | D:3      | Reached XP level 6. HP: 36/48 MP: 3/6
  2726 | D:3      | Found a sacrificial altar of Ru.
  2916 | D:3      | Found a runed translucent door.
  2917 | D:3      | Noticed Crazy Yiuf
  3460 | D:3      | Killed Crazy Yiuf
  4299 | D:4      | Reached XP level 7. HP: 50/54 MP: 7/7
  4372 | D:4      | Found a stormy altar of Qazlal.
  4373 | D:4      | Noticed a water elemental
  4373 | D:4      | Noticed a fire elemental
  4373 | D:4      | Noticed an air elemental
  4585 | D:4      | Found a burning altar of Makhleb.
  4654 | D:5      | Entered Level 5 of the Dungeon
  4716 | D:5      | Found a staircase to the Ecumenical Temple.
  4737 | Temple   | Entered the Ecumenical Temple
  4857 | Temple   | Became a worshipper of Warmaster Okawaru
  4926 | D:5      | Reached skill level 1 in Invocations
  5386 | D:5      | Found Vimnicsib's Assorted Antiques.
  5389 | D:5      | Bought a scroll labeled YRCHOE EDACZEA for 28 gold pieces
  5493 | D:5      | Reached skill level 2 in Invocations
  5696 | D:5      | Reached * piety under Okawaru
  6148 | D:6      | Reached skill level 5 in Long Blades
  6148 | D:6      | Gained mutation: You are partially covered in rugged brown
                  | scales. (AC +1, +3% HP) [demonic ancestry]
  6148 | D:6      | Reached XP level 8. HP: 51/62 MP: 7/9
  6209 | D:6      | Reached skill level 5 in Dodging
  6252 | D:6      | Reached skill level 3 in Invocations
  6527 | D:6      | Reached skill level 5 in Fighting
  6959 | D:6      | Reached skill level 1 in Armour
  7579 | D:6      | Reached skill level 4 in Invocations
  7855 | D:7      | Found a runed translucent gate.
  7855 | D:7      | Found a runed translucent gate.
  7856 | D:7      | Found a runed translucent gate.
  7857 | D:7      | Noticed Gamer54's ghost (journeyman DrVM)
  7919 | D:7      | Reached ** piety under Okawaru
  8297 | D:7      | Gained mutation: You are mostly covered in rugged brown
                  | scales. (AC +2, +5% HP) [demonic ancestry]
  8297 | D:7      | Reached XP level 9. HP: 65/72 MP: 12/12
  8400 | D:7      | Found Kijelaq's Assorted Antiques.
  8798 | D:7      | Reached skill level 5 in Invocations
  9314 | D:7      | Reached skill level 5 in Shields
  9653 | D:8      | Reached *** piety under Okawaru
  9692 | D:8      | Reached skill level 6 in Invocations
 10048 | D:8      | Found an opulent altar of Gozag.
 10219 | D:8      | Found a staircase to the Lair.
 10320 | D:8      | Noticed a troll
 10339 | D:8      | Killed a troll
 10890 | D:8      | Reached **** piety under Okawaru
 10890 | D:8      | Reached skill level 7 in Invocations
 10890 | D:8      | Gained mutation: You regenerate magic rapidly. [demonic
                  | ancestry]
 10890 | D:8      | Reached XP level 10. HP: 63/80 MP: 12/15
 11801 | D:8      | Reached skill level 5 in Armour
 11801 | D:8      | Reached skill level 8 in Invocations
 12028 | D:8      | HP: 3/84 [orc warrior/+0 mace (12)]
 12042 | D:8      | Reached ***** piety under Okawaru
 12486 | D:8      | Noticed an orc sorcerer
 12498 | D:8      | Killed an orc sorcerer
 12937 | D:9      | Noticed Maurice
 13054 | D:9      | Killed Maurice
 13054 | D:9      | Reached XP level 11. HP: 80/90 MP: 17/17
 13490 | D:9      | Reached skill level 9 in Invocations
 13668 | D:9      | Found a staircase to the Orcish Mines.
 13676 | D:9      | Found a roughly hewn altar of Beogh.
 14034 | D:9      | Found a runed translucent gate.
 14034 | D:9      | Found a runed translucent gate.
 14034 | D:9      | Found a runed translucent gate.
 14034 | D:9      | Noticed a brown ugly thing
 14034 | D:9      | Noticed a purple ugly thing
 14034 | D:9      | Noticed a red ugly thing
 14034 | D:9      | Noticed a purple ugly thing
 14034 | D:9      | Noticed a purple ugly thing
 14034 | D:9      | Noticed a glowing orange brain
 14035 | D:9      | Noticed a cyan very ugly thing
 14127 | D:9      | Found a shadowy altar of Dithmenos.
 14133 | D:9      | Noticed a two-headed ogre
 14142 | D:9      | Killed a two-headed ogre
 14371 | D:10     | Entered Level 10 of the Dungeon
 14761 | D:10     | Received a gift from Okawaru
 15047 | D:10     | Noticed a three-headed hydra
 15071 | D:10     | Killed a three-headed hydra
 15487 | D:11     | Paralysed by a hornet for 3 turns
 15705 | D:11     | Noticed Fannar
 15750 | D:11     | Killed Fannar
 15913 | D:11     | Noticed a two-headed ogre
 15927 | D:11     | Killed a two-headed ogre
 15927 | D:11     | Reached skill level 10 in Invocations
 15976 | D:11     | Found Oraept Cipo's Weapon Shop.
 16027 | D:11     | Noticed a fire dragon
 16052 | D:11     | Killed from afar by a fire dragon

Illustrated notes

Levels and vault maps discovered:
D:1:      lemuel_arrival_tunnels, layout_basic
D:2:      layout_basic
D:3:      layout_basic, marbit_many_paths, lexackson_kobold_supper,
          uniq_crazy_yiuf_cottage, uniq_sigmund
D:4:      layout_cave_pools, lemuel_coloured_pillars_altar,
          nicolae_qazlal_style_of_elements
D:5:      layout_gridville, minmay_temple_entry_water_ring, serial_shops,
          kennysheep_mini, cheibrodos_gnoll_hut
D:6:      kb_forest_paths, layout_basic, grunt_ministairs_7,
          serial_park_tiny_pond
D:7:      layout_layer_cave, serial_shops, nicolae_shop_overgrown_old_shop,
          gammafunk_ghost_nasty_kobolds
D:8:      lemuel_castle_with_subvaults [lemuel_castle_interior_carwin_3],
          layout_rooms, grunt_gozag_statues, erik_lair_island, minivault_19,
          grunt_livestock, corexii_leaking_fountain
D:9:      layout_roguey, david_orc_5,
          ploomutoo_gammafunk_ghost_potion_laboratory, grunt_dithmenos_smoke,
          uniq_maurice
D:10:     layout_irregular_city, hangedman_ranch [blue_anna_fruit_fields]
D:11:     layout_roguey, serial_shops, shop, uniq_fannar, uniq_harold
Temple:   regret_index_temple_mists

Skill      XL: |  1  2  3  4  5  6  7  8  9 10 11 |
---------------+----------------------------------+-----
Long Blades    | 3 4 5 6 7 8 |  8.5
Dodging        | 3 4 5 |  5.0
Shields        | 1 2 3 4 5 7 |  7.9
Fighting       | 3 4 5 6 8 |  8.9
Invocations    | 2 4 7 8 10 | 10.1
Armour         | 2 4 5 6 |  6.6
Throwing       | |  1.7

Action                   |  1- 3 |  4- 6 |  7- 9 | 10-12 || total
-------------------------+-------+-------+-------+-------++-------
Melee: Long sword        |   100 |   171 |   602 |   554 ||  1427
       Dagger            |       |       |       |    36 ||    36
Throw: Throwing net      |       |     3 |       |     1 ||     4
Invok: Heroism           |       |       |     4 |     9 ||    13
       Finesse           |       |       |       |     1 ||     1
Evoke: Wand              |       |       |       |     5 ||     5
  Use: Potion            |     4 |       |     3 |     1 ||     8
       Scroll            |       |    11 |     6 |     5 ||    22
 Stab: Distracted        |       |       |       |     1 ||     1
       Held in net/web   |       |       |       |     1 ||     1
Armor: Ring mail         |    50 |    87 |   211 |   139 ||   487
       Leather armour    |     2 |       |       |       ||     2
Dodge: Dodged            |    82 |   132 |   436 |   295 ||   945
Block: Buckler           |    10 |    50 |   415 |   366 ||   841
       Reflection        |       |       |    14 |     6 ||    20
       Rpst.: Long sword |    26 |    36 |   124 |    73 ||   259

Table legend: (Time is in decaauts)
 A = Elapsed time spent in this place.
 B = Non-inter-level travel time spent in this place.
 C = Inter-level travel time spent in this place.
 D = Time resting spent in this place.
 E = Time spent auto-exploring this place.
 F = Levels seen in this place.
 G = Mean time per level.
                   A        B        C        D        E       F      G
               +--------+--------+--------+--------+--------+-----+--------+
         Total |  16155 |  15858 |    297 |   5259 |   7236 |  12 | 1346.2 |
       Dungeon |  15979 |  15704 |    275 |   5259 |   7200 |  11 | 1452.6 |
        Temple |    176 |    154 |     22 |      0 |     36 |   1 |  176.0 |
               +--------+--------+--------+--------+--------+-----+--------+

Top non-repeatable levels by time:
     D:8: 3181 daAuts
     D:7: 1905 daAuts
     D:3: 1863 daAuts
     D:6: 1662 daAuts
     D:9: 1460 daAuts
     D:5: 1260 daAuts
     D:2: 1152 daAuts
    D:10: 1097 daAuts
     D:4: 1036 daAuts
     D:1: 807 daAuts
    D:11: 551 daAuts
  Temple: 176 daAuts
